 Dungeon Crawl Stone Soup version 0.24.0-5-g267a8d59f4 (webtiles) character file.

Game seed: 2532617174337585211, levelgen mode: deterministic

2198 wullow the Covert (level 9, -4/82 HPs)
             Began as a Naga Wanderer on Nov 2, 2019.
             Was a Believer of Sif Muna.
             Slain by a slime creature (15 damage)
             ... on level 7 of the Dungeon.
             The game lasted 00:33:35 (6823 turns).

wullow the Covert (Naga Wanderer)                   Turns: 6823, Time: 00:33:35

Health: -4/82      AC: 10    Str: 18    XL:     9   Next: 34%
Magic:  14/14      EV: 12    Int: 13    God:    Sif Muna [**....]
Gold:   371        SH:  0    Dex: 10    Spells: 15/15 levels left

rFire    . . .     SeeInvis +   m - +4 hunting sling (flame)
rCold    . . .     Gourm    +   (no shield)
rNeg     . . .     Faith    .   v - +3 scale mail {rPois}
rPois    +         Spirit   .   A - +0 helmet
rElec    .         Reflect  .   (no cloak)
rCorr    .         Harm     .   (no gloves)
MR       ++...                  (no barding)
Stlth    +++.......             b - amulet of the gourmand
HPRegen  0.23/turn              f - ring of protection from magic
MPRegen  0.14/turn              E - +5 ring of evasion

@: very slightly contaminated, very slow
A: large, see invisible, deformed body, poison resistance, slowness 2, slow
metabolism 1, spit poison 1, AC +3
a: Spit Poison, Channel Magic, Renounce Religion


You were on level 7 of the Dungeon.
You worshipped Sif Muna.
Sif Muna was pleased with you.
You were completely stuffed.

You visited 2 branches of the dungeon, and saw 8 of its levels.
You also visited: Sewer.

You collected 371 gold pieces.

Inventory:

Hand Weapons
 a - a +3 spear
 i - a +2 rapier of distortion
 m - a +4 hunting sling of flaming (weapon)
 n - a +2 whip of freezing
 o - a +2 dagger of venom
 z - a +2 dagger of pain
 D - a +2 rapier of holy wrath
Missiles
 g - 156 stones (quivered)
 j - 4 datura-tipped darts
 x - 47 bolts
 y - 15 arrows
 H - 11 poisoned darts
Armour
 v - a +3 scale mail of poison resistance (worn)
 A - a +0 helmet (worn)
Magical Staves
 h - an uncursed staff of air
Jewellery
 b - an amulet of the gourmand (around neck)
 f - a ring of protection from magic (left hand)
 E - a +5 ring of evasion (right hand)
Wands
 e - a wand of digging (8)
 t - a wand of paralysis (6)
 C - a wand of random effects (38)
Scrolls
 d - a scroll of teleportation
 k - a scroll of magic mapping
 u - 5 scrolls of remove curse
 J - 2 scrolls of enchant weapon
Potions
 c - 3 potions of curing
 l - 4 potions of might
 q - a potion of flight
 r - a potion of agility
 B - 2 potions of degeneration {unknown}
 F - a potion of heal wounds {unknown}
 G - a potion of mutation {unknown}
Comestibles
 w - a ration


   Skills:
 + Level 5.7 Fighting
 * Level 4.1 Short Blades
 - Level 3.6 Polearms
 - Level 3.0 Slings
 * Level 12.1 Stealth
   Level 1.0 Shields
 - Level 3.6 Spellcasting
   Level 1.0 Fire Magic
   Level 2.6 Poison Magic


You had 15 spell levels left.
You didn't know any spells.
Your spell library was empty.

Dungeon Overview and Level Annotations

Branches:
Dungeon (7/15)             Temple (1/1) D:4           Sewer (visited)

Altars:
Cheibriados
Dithmenos
Elyvilon
Gozag
Kikubaaqudgha
Makhleb
Nemelex Xobeh
Okawaru
Qazlal
Ru
Sif Muna
Trog
Wu Jian
Xom
Yredelemnul

Shops:
D:7 }

Annotations:
D:4 3 runed translucent doors, exclusion: 3 doors, Elvalys's ghost, amateur DEWz
D:6 exclusion: orc warrior


Innate Abilities, Weirdness & Mutations

You cannot wear boots.
Your serpentine skin is tough. (AC +3)
You have supernaturally acute eyesight. (SInv)
Armour fits poorly on your strangely shaped body.
Your system is resistant to poisons. (rPois)
You cover ground very slowly.
You have a slow metabolism.
You can spit poison.


Message History

You are too injured to fight recklessly!
You are too injured to fight recklessly!
Firing (i - inventory. (/) - cycle)
g - 157 stones (quivered)
Press: ? - help, Shift-Dir - straight line, f/p - slime creature
Aim: a slime creature (heavily wounded)
You shoot a stone. The stone hits the slime creature.
The stone burns the slime creature.
The slime creature is heavily wounded.
Two slime creatures merge to form a large slime creature.
The large slime creature hits you!!
* * * LOW HITPOINT WARNING * * *
Two slime creatures merge to form a very large slime creature.
There is an open door, spattered with blood here.
Things that are here:
a +0 dagger; a kobold skeleton
There is an open door here.
The large slime creature closely misses you.
A large slime creature splits.
The slime creature hits you!
You die...

..#...# #.................##
..#...# #.....##'###.......#
..##### #.....#....#.......#
......# #.....#....#.....†.+
......# #.....#.##+#.......#
##....# ##+####'#..........#
#....# ...#...#..........#
#....# ...#...#..........'....
#....# ...#..@+......)...#....
#....#####..##JJ#.............##
##.....#.##..##J.##....#######.#
.......((....#....#.... ..
.......#.(...#....#... ..
.......#..(..#....# ..
.......#...(.#....#
.......#..##(###..#
##.....####....#'####


You could see 3 slime creatures.

Vanquished Creatures
  Pikel (D:5)
  A hungry ghost (D:5)
  Duvessa (D:5)
  A sky beast (D:6)
  3 slaves (D:5)
  An ogre (D:6)
  A big kobold (D:7)
  A bullfrog (Sewer)
  A gnoll sergeant (D:7)
  A scorpion (D:4)
  Dowan (D:5)
  4 wights (D:7)
  A howler monkey (D:6)
  A crimson imp (D:7)
  A bullfrog zombie (D:5)
  3 hounds
  An orc priest (D:4)
  A jelly (D:6)
  Terence (D:2)
  2 bullfrog skeletons
  Natasha (thrice) (D:4)
  2 orc wizards (D:4)
  4 worker ants
  A hound zombie (D:7)
  A hound skeleton (D:7)
  6 gnolls
  7 adders
  A river rat (D:5)
  A shadow imp (D:7)
  3 oozes
  3 adder skeletons
  2 dart slugs
  3 worms
  5 leopard geckos
  13 orcs
  6 ball pythons
  17 giant cockroaches
  10 goblins
  5 hobgoblins
  3 jackals (D:2)
  5 bats
  8 frilled lizards
  17 kobolds
  A quokka skeleton (D:4)
  8 rats
163 creatures vanquished.

Notes
Turn   | Place    | Note
-------+----------+-------------------------------------------
     0 | D:1      | wullow the Naga Wanderer began the quest for the Orb.
     0 | D:1      | wullow set off with the following items: a +2 spear, a +0
                  | short sword, a potion of curing, a +0 robe, a +0 dagger, a
                  | ration
     0 | D:1      | Reached XP level 1. HP: 15/15 MP: 1/1
   318 | D:1      | Reached XP level 2. HP: 24/24 MP: 2/2
   486 | D:1      | Reached skill level 1 in Fighting
   492 | D:1      | Reached XP level 3. HP: 25/31 MP: 3/3
   811 | D:1      | Reached skill level 5 in Stealth
  1388 | D:2      | Reached XP level 4. HP: 38/38 MP: 4/4
  1517 | D:2      | Reached skill level 1 in Slings
  1541 | D:2      | Noticed Terence
  1547 | D:2      | Killed Terence
  1747 | D:3      | Reached XP level 5. HP: 45/45 MP: 5/5
  1761 | D:3      | Reached skill level 6 in Stealth
  2263 | D:4      | Reached XP level 6. HP: 55/55 MP: 6/6
  2359 | D:4      | Reached skill level 7 in Stealth
  2500 | D:4      | Noticed Natasha
  2502 | D:4      | Killed Natasha
  2581 | D:4      | Noticed Natasha
  2588 | D:4      | Found a staircase to the Ecumenical Temple.
  2597 | Temple   | Entered the Ecumenical Temple
  2710 | Temple   | Became a worshipper of Sif Muna the Loreminder
  2796 | D:4      | Killed Natasha
  2796 | D:4      | Reached XP level 7. HP: 37/62 MP: 7/7
  2924 | D:4      | Found a runed translucent gate.
  2926 | D:4      | Found a runed translucent gate.
  2926 | D:4      | Noticed Elvalys's ghost (amateur DEWz)
  2927 | D:4      | Found a runed translucent gate.
  2929 | D:4      | Identified the +12 short sword "Jevicyjy" {elec, MR+ Dex+4}
  2964 | D:4      | Noticed Natasha
  2972 | D:4      | Killed Natasha
  3294 | D:5      | Entered Level 5 of the Dungeon
  3334 | D:5      | Noticed a hungry ghost
  3373 | D:5      | Killed a hungry ghost
  3373 | D:5      | Reached skill level 1 in Short Blades
  3373 | D:5      | Reached skill level 8 in Stealth
  3373 | D:5      | Reached skill level 1 in Spellcasting
  3375 | D:5      | Noticed Dowan
  3380 | D:5      | Noticed Duvessa
  3408 | D:5      | Found a white marble altar of Elyvilon.
  3474 | D:5      | Found a shadowy altar of Dithmenos.
  3477 | D:5      | Found a snail-covered altar of Cheibriados.
  3520 | D:5      | Found a glowing drain.
  3564 | Sewer    | Entered a sewer
  3680 | Sewer    | Reached * piety under Sif Muna
  4219 | D:5      | Noticed Pikel
  4259 | D:5      | Killed Pikel
  4259 | D:5      | Reached skill level 10 in Stealth
  4259 | D:5      | Reached XP level 8. HP: 18/73 MP: 9/12
  4863 | D:5      | Found an iron altar of Okawaru.
  5244 | D:6      | Reached skill level 5 in Fighting
  5283 | D:6      | Found a sparkling altar of Nemelex Xobeh.
  5329 | D:6      | Found an ornate altar of the Wu Jian Council.
  5424 | D:6      | Reached skill level 11 in Stealth
  6114 | D:5      | Killed Dowan
  6114 | D:5      | Reached XP level 9. HP: 74/81 MP: 14/14
  6128 | D:5      | Killed Duvessa
  6637 | D:7      | Reached skill level 12 in Stealth
  6641 | D:7      | Reached ** piety under Sif Muna
  6781 | D:7      | Found Wuchut's Gadget Boutique.
  6823 | D:7      | Slain by a slime creature

Levels and vault maps discovered:
D:1:      minmay_arrival_shattered_statue, layout_basic, hangedman_decor_growths
D:2:      layout_basic, uniq_terence
D:3:      wander_river, layout_rooms, first_ration
D:4:      layout_layer_cave, minmay_temple_entry_waves,
          gammafunk_ghost_nasty_kobolds, kennysheep_crisscross, uniq_natasha
D:5:      layout_loops_corners, minitemple, old_standard_altar, serial_glass,
          glass_columns_b, glass_columns_b, portal_sewer_entry_a,
          lightli_corner_chamber, uniq_pikel, uniq_duvessa
D:6:      layout_basic, lemuel_round_altar, basic_altar, grunt_ministairs_3
D:7:      layout_gridville, ebering_ghost_disaster_area, serial_shops, shop
Temple:   compressed_dpeg_circular_temple

Skill      XL: |  1  2  3  4  5  6  7  8  9 |
---------------+----------------------------+-----
Fighting       | 1 2 3 4 5 |  5.7
Stealth        | 5 6 7 10 11 12 | 12.1
Slings         | 1 2 3 |  3.0
Short Blades   | 1 2 4 |  4.1
Spellcasting   | 2 3 |  3.6
Polearms       | |  3.6
Shields        | |  1.0
Fire Magic     | |  1.0
Poison Magic   | |  2.6

Action                   |  1- 3 |  4- 6 |  7- 9 || total
-------------------------+-------+-------+-------++-------
Melee: Spear             |    44 |    16 |       ||    60
       Dagger            |       |     2 |    61 ||    63
       Whip              |       |       |     5 ||     5
 Fire: Hunting sling     |    38 |   114 |   241 ||   393
 Abil: Spit Poison       |     2 |       |     3 ||     5
  Use: Scroll            |     6 |     7 |     3 ||    16
       Potion            |       |       |     3 ||     3
 Stab: Sleeping          |     5 |     1 |     1 ||     7
  Eat: Chunk             |     1 |     3 |    14 ||    18
       Ration            |       |       |     5 ||     5
Armor: Robe              |    10 |       |       ||    10
       Scale mail        |       |    14 |    64 ||    78
       Skin              |       |       |     9 ||     9
Dodge: Dodged            |    31 |    16 |    73 ||   120
